 Dungeon Crawl Stone Soup version 0.31-a0-845-g9abc20d24f (webtiles) character file.

Game seed: 15078103000502083328

714 BinkBink the Thaumaturge (level 7, -9/36 HPs)
             Began as a Deep Elf Conjurer on Oct 2, 2023.
             Shot with an arrow by a centaur (12 damage)
             ... on level 5 of the Dungeon.
             The game lasted 00:06:27 (4821 turns).

BinkBink the Thaumaturge (Deep Elf Conjurer)        Turns: 4821, Time: 00:06:28

Health: -9/36      AC:  2    Str:  4    XL:     7   Next: 41%
Magic:  16/20      EV: 12    Int: 25    God:
Gold:   258        SH:  0    Dex: 13    Spells: 19/22 levels left

rFire   . . .        (no weapon)
rCold   . . .        (no shield)
rNeg    . . .        a - +0 robe
rPois   .            (no helmet)
rElec   .            (no cloak)
rCorr   .            (no gloves)
SInv    +            (no boots)
Will    .....        (no amulet)
Stlth   ++           h - ring of see invisible
HPRegen 0.26/turn    (no ring)
MPRegen 0.17/turn

%: no passive effects
@: no status effects
A: no striking features
a: no special abilities


You were on level 5 of the Dungeon.
You visited 1 branch of the dungeon, and saw 5 of its levels.

You collected 258 gold pieces.

Inventory:

Armour
 a - a +0 robe (worn)
Jewellery
 h - a ring of see invisible (left hand)
Wands
 q - a wand of iceblast (9)
Scrolls
 e - 2 scrolls of amnesia {unknown}
 f - a scroll of noise {unknown}
 g - 3 scrolls of teleportation {unknown}
 i - a scroll of enchant armour {unknown}
 k - 4 scrolls of identify {unknown}
 l - a scroll of brand weapon {unknown}
 n - a scroll of fog {unknown}
 o - a scroll of blinking {unknown}
 r - a scroll of enchant weapon {unknown}
Potions
 b - 2 potions of magic
 c - a potion of berserk rage {unknown}
 d - 2 potions of lignification {unknown}
 j - 2 potions of curing {unknown}
 m - a potion of haste {unknown}
 p - a potion of enlightenment {unknown}
 s - a potion of attraction {unknown}
 t - a potion of degeneration {unknown}


   Skills:
 - Level 2.4 Dodging
 - Level 2.4 Stealth
 + Level 8.1 Spellcasting
 + Level 7.7 Conjurations


You had 19 spell levels left.
You knew the following spells:

 Your Spells              Type           Power      Damage    Failure   Level
a - Magic Dart            Conj           100%       1d8       1%          1
b - Searing Ray           Conj           98%        2d8       1%          2

Your spell library contained the following spells:

 Spells                   Type           Power      Damage    Failure   Level
 Dazzling Flash           Conj/Hex       58%        N/A       3%          3
 Stone Arrow              Conj/Erth      58%        3d10      3%          3
 Necrotise                Necr           40%        1d6       6%          1
 Fulminant Prism          Conj/Hex       14%        3d8       12%         4
 Iskenderun's Mystic Bla  Conj/Tloc      29%        2d7       12%         4
 Inner Flame              Hex/Fire       10%        N/A       19%         3
 Vampiric Draining        Necr           10%        2d6       19%         3
 Animate Armour           Summ/Erth      20%        N/A       52%         4
 Agony                    Necr           10%        N/A       86%         5
 Summon Forest            Summ/Tloc      5%         N/A       86%         5
 Yara's Violent Unravell  Hex/Tmut       5%         3d4       86%         5
 Eringya's Noxious Bog    Tmut/Pois      5%         4d6       100%        6
 Enfeeble                 Hex            5%         N/A       100%        7
 Summon Hydra             Summ           5%         N/A       100%        7
 Lehudib's Crystal Spear  Conj/Erth      14%        10d5      100%        8


Dungeon Overview and Level Annotations

Branches:
Dungeon (5/15)
 Temple: D:4-7

Altars:
Cheibriados
Uskayaw

Annotations:
D:3 3 runed translucent doors, krismc's ghost, weakling HOFi


Message History

The magic dart hits Grinder!
You kill Grinder!
Your Spellcasting skill increases to level 8!
You have reached level 7!
Magic restored.
You see here a +0 hand axe.
Found a stone staircase leading down.
You now have 228 gold pieces (gained 11).
You now have 241 gold pieces (gained 13).
You open the door.
Found a snail-covered altar of Cheibriados and a hide-covered altar of Uskayaw.
There is an open door here.
There is a fountain of clear blue water here.
There is an open door here.
You see here a +0 hand axe.
You now have 258 gold pieces (gained 17).
There is an open door here.
A centaur comes into view.
The magic dart hits the centaur.
The centaur is lightly wounded.
The centaur shouts!
The centaur wields a +0 orcbow.
The centaur shoots an arrow.
The arrow closely misses you.
The magic dart hits the centaur.
The centaur is lightly wounded.
The centaur shoots an arrow.
The arrow hits you.
The centaur shoots an arrow.
The arrow completely misses you.
The magic dart hits the centaur.
The centaur is moderately wounded.
The centaur shoots an arrow.
The arrow barely misses you.
The magic dart hits the centaur.
The centaur is heavily wounded.
The centaur shoots an arrow.
The arrow hits you!
The magic dart hits the centaur.
The centaur is heavily wounded.
The centaur shoots an arrow.
The arrow hits you!
The centaur shoots an arrow.
The arrow hits you!
* * * LOW HITPOINT WARNING * * *
The centaur shoots an arrow.
The arrow hits you!
You die...

#........#####...#
################.##
.......#..#
.......'..#
.......#..#
########.## #.#
##### #.# ......#@#
...c..'.# ......###
######


You could see a centaur.

Vanquished Creatures
  Grinder (D:5)
  A water moccasin (D:5)
  A scorpion (D:4)
  A howler monkey (D:5)
  An orc priest (D:3)
  A hound (D:5)
  A jelly (D:5)
  3 orc wizards
  An iguana (D:5)
  A gnoll (D:1)
  3 adders
  2 ufetubi
  A dart slug (D:2)
  5 orcs
  4 endoplasms
  4 goblins
  8 hobgoblins
  9 kobolds
  6 quokkas
  12 ball pythons
  6 bats
  2 frilled lizards (D:3)
  8 rats
82 creatures vanquished.

Notes
Turn   | Place    | Note
-------+----------+-------------------------------------------
     0 | D:1      | BinkBink the Deep Elf Conjurer began the quest for the Orb.
     0 | D:1      | Reached XP level 1. HP: 10/10 MP: 6/6
   358 | D:1      | Reached XP level 2. HP: 15/15 MP: 5/8
   626 | D:1      | Reached skill level 4 in Spellcasting
   772 | D:1      | Reached XP level 3. HP: 19/19 MP: 7/10
   856 | D:2      | Reached skill level 5 in Conjurations
  1096 | D:2      | Found a faded altar of an unknown god.
  1530 | D:3      | Found a runed translucent gate.
  1530 | D:3      | Found a runed translucent gate.
  1530 | D:3      | Found a runed translucent gate.
  1532 | D:3      | Noticed krismc's ghost (weakling HOFi)
  1856 | D:3      | Reached XP level 4. HP: 18/24 MP: 5/12
  1941 | D:2      | Reached skill level 5 in Spellcasting
  2180 | D:3      | Reached XP level 5. HP: 28/28 MP: 9/14
  2942 | D:3      | Learned a level 2 spell: Searing Ray
  3155 | D:4      | Reached skill level 6 in Spellcasting
  3328 | D:4      | Reached XP level 6. HP: 32/32 MP: 10/17
  4166 | D:5      | Entered Level 5 of the Dungeon
  4301 | D:5      | Noticed a water moccasin
  4309 | D:5      | Killed a water moccasin
  4310 | D:5      | Reached skill level 7 in Spellcasting
  4377 | D:5      | Noticed Grinder
  4545 | D:5      | Killed Grinder
  4546 | D:5      | Reached skill level 8 in Spellcasting
  4546 | D:5      | Reached XP level 7. HP: 36/36 MP: 9/20
  4712 | D:5      | Found a snail-covered altar of Cheibriados.
  4712 | D:5      | Found a hide-covered altar of Uskayaw.
  4821 | D:5      | Shot with an arrow by a centaur

Illustrated notes

Levels and vault maps discovered:
D:1:      tarquinn_simple_flora_water_b, layout_basic, nrook_mini_vaults,
          nrook_mini_backslash
D:2:      layout_basic, basic_ecumenical_altar, serial_bayou_crossing
D:3:      cheibrodos_pilgrimage, layout_loops_ring, gammafunk_ghost_split,
          minmay_shallow_snake_nest
D:4:      layout_basic, serial_bayou, serial_bayou_shore_a,
          serial_bayou_shore_b, serial_bayou_pond_c, serial_bayou_lagoon_a,
          serial_bayou_pond_c
D:5:      layout_rooms, gammafunk_temple_overflow_pools,
          nicolae_shop_i_like_small_books_too, nrook_uturn, uniq_grinder

Skill      XL: |  1  2  3  4  5  6 |
---------------+-------------------+-----
Spellcasting   | 4 5 6 8 |  8.1
Conjurations   | 5 6 7 |  7.7
Dodging        | |  2.4
Stealth        | |  2.4

Action                     |  1- 3 |  4- 6 |  7- 9 || total
---------------------------+-------+-------+-------++-------
  Melee: Unarmed           |       |     1 |       ||     1
   Cast: Magic Dart        |    69 |    70 |     5 ||   144
         Searing Ray       |       |    20 |       ||    20
 Armour: Robe              |     5 |    15 |     5 ||    25
  Dodge: Dodged            |     5 |    17 |     3 ||    25

Table legend: (Time is in decaauts)
 A = Elapsed time spent in this place.
 B = Non-inter-level travel time spent in this place.
 C = Inter-level travel time spent in this place.
 D = Time resting spent in this place.
 E = Time spent auto-exploring this place.
 F = Levels seen in this place.
 G = Mean time per level.
                   A        B        C        D        E       F      G
               +--------+--------+--------+--------+--------+-----+--------+
         Total |   4868 |   4795 |     73 |     85 |   4265 |   5 |  973.6 |
       Dungeon |   4868 |   4795 |     73 |     85 |   4265 |   5 |  973.6 |
               +--------+--------+--------+--------+--------+-----+--------+

Top non-repeatable levels by time:
     D:3: 1290 daAuts
     D:4: 1247 daAuts
     D:1: 838 daAuts
     D:2: 837 daAuts
     D:5: 654 daAuts
